AoeStats
← drug god

Arabia

510501018Analyzed
1v1 RM · 2d ago on Oct 1, 2026· 27m 36s· 2 players
Game mode
Random Map
Map size
Tiny (2 player)
Population
200
Speed
Normal
Resources
Standard
Victory
Conquest
Starting age
Dark Age
Ending age
Imperial Age
RankedLock teamsTeams togetherTeam positionsShared explorationLock speedFull tech treeHidden civsTurbo modeCheats
Victory
Defeat
🇨🇳 Ethiopians · China
1021
+15
🇹🇼 Spanish · Taiwan
1006
-15
艾斯
0:25 Loom
11:19 Feudal Age
18:04 Castle Age
22:14 Horse Collar
26:26 Fletching
drug god
3:07 Loom
9:25 Feudal Age
11:57 Fletching
15:57 Padded Archer Armor
22:42 Castle Age
20:57 Double-Bit Axe
21:23 Gold Mining
21:37 Horse Collar
22:47 Crossbowman
23:27 Bodkin Arrow
25:12 Ballistics
27:35 Stone Mining
Connection lost

Rejoining the realm…

Still unreachable

The connection could not be restored.

Session expired

The server has moved on; the page needs a fresh start.